 Dungeon Crawl Stone Soup version 0.21-a0-91-ga5031da (webtiles) character file.

1019 HAL9000 the Slicer (level 8, -7/38 HPs)
             Began as a Vine Stalker Assassin on June 28, 2017.
             Was an Initiate of Dithmenos.
             Killed by divine providence
             ... invoked by an orc priest
              (9 damage)
             ... on level 6 of the Dungeon.
             The game lasted 00:08:47 (4818 turns).

HAL9000 the Slicer (Vine Stalker Assassin)          Turns: 4818, Time: 00:08:48

Health: -7/38      AC:  9    Str: 16    XL:     8   Next: 22%
Magic:  0/9        EV: 11    Int: 11    God:    Dithmenos [......]
Gold:   297        SH:  0    Dex: 16    Spells: 7/7 levels left

rFire    . . .     SeeInvis .   a - +2 dagger
rCold    . . .     Gourm    .   (no shield)
rNeg     . . .     Faith    .   c - +0 robe
rPois    .         Spirit   +   v - +1 hat
rElec    .         Reflect  .   d - +0 cloak
rCorr    .         Harm     .   C - +2 pair of gloves
MR       +....                  F - +0 pair of boots
Stlth    +++.......             (no amulet)
HPRegen  0.52/turn              o - +1 ring of protection
MPRegen  0.11/turn              (no ring)

@: no status effects
A: fangs 3, regeneration 1, magic shield, antimagic bite, no potion heal 3, rot
immunity
a: Renounce Religion


You were on level 6 of the Dungeon.
You worshipped Dithmenos.
Dithmenos was noncommittal.
You were not hungry.

You visited 2 branches of the dungeon, and saw 7 of its levels.

You collected 297 gold pieces.

Inventory:

Hand Weapons
 a - a +2 dagger (weapon)
 b - a +0 blowgun
Missiles
 e - 19 poisoned needles
Armour
 c - a +0 robe (worn)
 d - a +0 cloak (worn)
 v - a +1 hat (worn)
 y - a +0 pair of boots
 C - a +2 pair of gloves (worn)
 F - a +0 pair of boots (worn)
Jewellery
 o - a +1 ring of protection (left hand)
Wands
 z - a wand of polymorph (9/24)
Scrolls
 r - a scroll of enchant armour {unknown}
 t - a scroll of random uselessness {unknown}
 x - a scroll of teleportation {unknown}
 E - 2 scrolls of noise {unknown}
 G - 2 scrolls of identify
Potions
 j - 2 potions of flight {unknown}
 k - 3 potions of curing
 m - a potion of lignification {unknown}
 n - 5 potions of agility
Books
 q - a book of Minor Magic

   Spells                             Type                      Level
   a - Magic Dart                     Conjuration                  1
   b - Blink                          Translocation                2
   c - Call Imp                       Summoning                    2
   d - Slow                           Hexes                        2
   e - Conjure Flame                  Conjuration/Fire             3
   f - Mephitic Cloud                 Conjuration/Poison/Air       3
 D - a book of Callings

   Spells                             Type                      Level
   a - Summon Small Mammal            Summoning                    1
   b - Call Imp                       Summoning                    2
   c - Call Canine Familiar           Summoning                    3
   d - Summon Guardian Golem          Hexes/Summoning              3
   e - Summon Lightning Spire         Summoning/Air                4
   f - Summon Ice Beast               Ice/Summoning                4
Comestibles
 g - 3 bread rations
 i - 4 meat rations
 l - 3 royal jellies
 p - 3 fruits
 H - a chunk of flesh


   Skills:
 - Level 1.7 Fighting
 + Level 8.7 Short Blades
 - Level 1.7 Throwing
 - Level 0.7 Dodging
 - Level 4.8 Stealth


You had 7 spell levels left.
You didn't know any spells.

Dungeon Overview and Level Annotations

Branches:
Dungeon (6/15)             Temple (1/1) D:4

Altars:
Ashenzari
Dithmenos
Elyvilon
Fedhas
Gozag
Kikubaaqudgha
Makhleb
Nemelex Xobeh
Okawaru
Ru
Sif Muna
Trog
Uskayaw
Vehumet
Wu Jian
Xom
Yredelemnul


Innate Abilities, Weirdness & Mutations

You have razor-sharp teeth.
Your natural rate of healing is unusually fast.
When hurt, damage is shared between your health and your magic reserves.
Your bite disrupts and absorbs the magic of your enemies.
Potions cannot restore your health.
You are immune to rotting.


Message History

You hit the orc priest.
The orc priest is lightly wounded.
The orc barely misses you.
The orc wizard mumbles some strange words.
The orc wizard seems to speed up.
The orc priest hits you with a hand axe.
You hear a bark!
An iguana comes into view.
The iguana hisses menacingly.
The orc priest invokes the aid of Beogh against you.
Beogh smites you!
* * * LOW HITPOINT WARNING * * *
The orc wizard moves out of view.
The orc priest calls down the wrath of Beogh upon you.
Beogh smites you!
* * * LOW HITPOINT WARNING * * *
A hound comes into view.
The orc priest invokes the aid of Beogh against you.
Beogh smites you!
You die...

#... # #..h
#.######.l#
#.#.#..#.o#
#......##o#
###..#.#..#
###..#.#o##
#..<##.#o#
#...##.@.#
#...###..#
#>..# #.##
#...# ###
#...# #####


You could see an iguana, a hound, 2 orc priests and 2 orcs.

Vanquished Creatures
  A hungry ghost (D:4)
  Edmund (D:5)
  A phantom (D:5)
  3 ogres (D:4)
  2 bullfrogs
  A crimson imp (D:5)
  A jelly (D:5)
  A bullfrog skeleton (D:4)
  A worker ant (D:5)
  A hound zombie (D:5)
  A hound skeleton (D:4)
  3 gnolls (D:4)
  6 adders
  A shadow imp (D:4)
  An adder skeleton (D:4)
  3 worms
  2 dart slugs
  A leopard gecko (D:5)
  6 orcs (D:3)
  6 giant cockroaches
  8 goblins
  5 hobgoblins
  3 jackals (D:4)
  4 quokkas
  2 ball pythons
  7 bats
  3 frilled lizards
  2 kobolds
  A leopard gecko skeleton (D:5)
  A quokka skeleton (D:5)
  16 rats
95 creatures vanquished.

Notes
Turn   | Place    | Note
-------+----------+-------------------------------------------
     0 | D:1      | HAL9000 the Vine Stalker Assassin began the quest for the Orb.
     0 | D:1      | Reached XP level 1. HP: 11/11 MP: 2/2
    55 | D:1      | Reached skill level 2 in Short Blades
   138 | D:1      | Reached XP level 2. HP: 15/15 MP: 3/3
   757 | D:2      | Found a sparkling altar of Nemelex Xobeh.
   777 | D:2      | Reached skill level 3 in Short Blades
   810 | D:2      | Reached XP level 3. HP: 18/18 MP: 4/4
  1624 | D:3      | Gained mutation: Your natural rate of healing is unusually fast. [Vine Stalker growth]
  1624 | D:3      | Reached XP level 4. HP: 20/23 MP: 3/5
  1797 | D:3      | Noticed a bullfrog
  1809 | D:3      | Killed a bullfrog
  1809 | D:3      | Reached skill level 4 in Short Blades
  1809 | D:3      | Reached XP level 5. HP: 21/26 MP: 4/6
  2369 | D:3      | Reached skill level 5 in Short Blades
  2622 | D:4      | Noticed an ogre
  2636 | D:4      | Killed an ogre
  2636 | D:4      | Reached XP level 6. HP: 29/30 MP: 7/7
  2705 | D:4      | Reached skill level 6 in Short Blades
  3031 | D:4      | Noticed a hungry ghost
  3076 | D:4      | Killed a hungry ghost
  3076 | D:4      | Reached XP level 7. HP: 34/34 MP: 8/8
  3081 | D:4      | Reached skill level 7 in Short Blades
  3166 | D:4      | Found a sacrificial altar of Ru.
  3564 | D:4      | Found a sparkling altar of Nemelex Xobeh.
  3750 | D:4      | Found a staircase to the Ecumenical Temple.
  3821 | Temple   | Entered the Ecumenical Temple
  3912 | Temple   | Became a worshipper of Dithmenos the Shadowed
  3960 | D:5      | Entered Level 5 of the Dungeon
  3960 | D:5      | Noticed Edmund
  3967 | D:5      | Killed Edmund
  3982 | D:5      | Reached skill level 8 in Short Blades
  4047 | D:5      | Gained mutation: You have razor-sharp teeth. [Vine Stalker growth]
  4047 | D:5      | Reached XP level 8. HP: 35/38 MP: 9/9
  4817 | D:6      | HP: 1/38 [orc priest/divine providence (11)]
  4818 | D:6      | Killed from afar by an orc priest

Vault maps used:
D:1:      dpeg_arrival_ratfight, fountainhead, serial_bayou_ford_a,
          minmay_misc_feat_cross
D:2:      minmay_misc_feat_square, nemelex_spade_bored_becter
D:4:      lemuel_doored_altar, hangedman_ru_absence,
          minmay_temple_entry_poolview, first_bread
D:5:      uniq_edmund
D:6:      marbit_many_paths, gammafunk_temple_overflow_statue, serial_aquarium,
          aquarium_bridge_square, aquarium_bridge_square, aquarium_window_fake,
          aquarium_window_1, aquarium_view_2d, aquarium_balcony_5b,
          aquarium_pool_1
Temple:   regret_index_temple_waves

Skill      XL: |  1  2  3  4  5  6  7 |
---------------+----------------------+-----
Short Blades   | 2 3 4 5 6 8 |  8.7
Fighting       | |  1.7
Throwing       | |  1.7
Dodging        | |  0.7
Stealth        | |  4.8

Action                   |  1- 3 |  4- 6 |  7- 9 || total
-------------------------+-------+-------+-------++-------
Melee: Dagger            |    57 |   170 |   117 ||   344
       Bite              |    10 |    40 |    40 ||    90
 Fire: Blowgun           |       |     2 |     4 ||     6
  Use: Scroll            |       |       |     3 ||     3
 Stab: Sleeping          |    14 |     3 |     4 ||    21
  Eat: Chunk             |     1 |     8 |     5 ||    14
       Fruit             |       |     2 |     3 ||     5
Armor: Robe              |    13 |    35 |    33 ||    81
Dodge: Dodged            |    17 |    71 |    40 ||   128
